 Dungeon Crawl Stone Soup version 0.31-a0-963-ga325b2283a (webtiles) character file.

Game seed: 16298602506706966581

3477 pokeman the Thaumaturge (level 9, 0/49 HPs)
             Began as a Deep Elf Hedge Wizard on Oct 26, 2023.
             Was a Believer of Vehumet.
             Slain by a vault guard
             ... wielding a +0 broad axe
              (12 damage)
             ... in a bailey.
             The game lasted 00:19:47 (7352 turns).

pokeman the Thaumaturge (Deep Elf Hedge Wizard)     Turns: 7352, Time: 00:19:48

Health: 0/49       AC:  4    Str:  7    XL:     9   Next: 79%
Magic:  12/27      EV: 12    Int: 24    God:    Vehumet [**....]
Gold:   260        SH:  0    Dex: 14    Spells: 16/32 levels left

rFire   + . .        l - +0 dagger (protect)
rCold   + . .        (no shield)
rNeg    + . .        o - +1 leather armour "Tibrinlo" {rF+ rN+}
rPois   .            c - +0 hat
rElec   .            (no cloak)
rCorr   .            (no gloves)
SInv    .            (no boots)
Will    .....        (no amulet)
Stlth   ++           s - ring of wizardry
HPRegen 0.28/turn    x - ring of protection from cold
MPRegen 0.20/turn

%: wizardry (x1)
@: very slightly contaminated
A: no striking features
a: Renounce Religion


You were in a bailey.
You worshipped Vehumet.
Vehumet was pleased with you.
You visited 2 branches of the dungeon, and saw 8 of its levels.
You also visited: Bailey.

You collected 302 gold pieces.
You spent 42 gold pieces at shops.

Inventory:

Hand Weapons
 l - a +0 dagger of protection (weapon)
Armour
 c - a +0 hat (worn)
 o - the +1 leather armour "Tibrinlo" (worn) {rF+ rN+}
   (You found it on level 4 of the Dungeon)

   rF+:       It protects you from fire.
   rN+:       It protects you from negative energy.
Jewellery
 s - a ring of wizardry (left hand)
 x - a ring of protection from cold (right hand)
Wands
 b - a wand of roots (2)
Scrolls
 e - 8 scrolls of identify {unknown}
 j - a scroll of fog {unknown}
 m - 4 scrolls of teleportation {unknown}
 n - a scroll of vulnerability {unknown}
 p - a scroll of revelation {unknown}
 t - a scroll of noise {unknown}
 u - a scroll of blinking {unknown}
 w - a scroll of poison {unknown}
Potions
 a - a potion of cancellation {unknown}
 d - a potion of magic
 f - a potion of experience {unknown}
 g - 3 potions of mutation {unknown}
 h - 3 potions of curing
 i - 2 potions of berserk rage {unknown}
 k - 2 potions of haste {unknown}
 q - a potion of attraction {unknown}
 r - 2 potions of brilliance {unknown}
 v - a potion of enlightenment {unknown}


   Skills:
 + Level 2.3 Fighting
 - Level 3.4 Armour
 - Level 3.0 Dodging
 - Level 3.0 Stealth
 * Level 12.1 Spellcasting
 + Level 6.8 Conjurations
 - Level 1.1 Summonings
 - Level 1.1 Translocations
 - Level 1.2 Transmutations
 + Level 5.9 Fire Magic
 - Level 1.1 Ice Magic
 - Level 2.1 Air Magic
 - Level 2.0 Poison Magic
 - Level 1.3 Evocations


You had 16 spell levels left.
You knew the following spells:

 Your Spells              Type           Power      Damage    Failure   Level
a - Magic Dart            Conj           100%       1d8       1%          1
b - Mephitic Cloud        Conj/Pois/Air  32%        N/A       1%          3
c - Call Imp              Summ           38%        N/A       2%          2
d - Blink                 Tloc           38%        N/A       2%          2
e - Ignite Poison         Fire/Tmut/Pois 29%        N/A       2%          3
f - Freezing Cloud        Conj/Ice/Air   15%        6-21      17%         5

Your spell library contained the following spells:

 Spells                   Type           Power      Damage    Failure   Level
 Shock                    Conj/Air       100%       1d9       1%          1
 Slow                     Hex            56%        N/A       2%          1
 Cigotuvi's Dreadful Rot  Necr/Pois/Air  42%        N/A       2%          2
 Iskenderun's Mystic Bla  Conj/Tloc      33%        2d8       4%          4
 Tukima's Dance           Hex            14%        N/A       8%          3
 Dimensional Bullseye     Hex/Tloc       8%         N/A       21%         4


Dungeon Overview and Level Annotations

Branches:
Dungeon (7/15)             Temple (1/1) D:4          Bailey (1/1)

Altars:
Ashenzari
Cheibriados
Dithmenos
Elyvilon
Fedhas
Gozag
Hepliaklqana
Kikubaaqudgha
Makhleb
Nemelex Xobeh
Okawaru
Qazlal
Ru
Trog
Uskayaw
Vehumet
Wu Jian
Xom
Zin
The Shining One

Shops:
D:5 *


Message History

The vault guard attacks as it pursues you!
The vault guard barely misses you.
Things that are here:
a bullfrog skeleton; a bullfrog skeleton
Casting: Blink (safe; 2% risk of failure)
Confirm with . or Enter, or press ? or * to list all spells.
Aiming: Mephitic Cloud (safe; 1% risk of failure)
Press: ? - help, Shift-Dir - straight line, f/p - vault guard
Aim: a vault guard, wielding a +0 broad axe and wearing a +0 chain mail (moderately wounded, chance to affect: 39%)
You miscast Mephitic Cloud.
You are very lightly contaminated with residual magic.
Nothing appears to happen.
Casting: Mephitic Cloud (safe; 1% risk of failure)
Confirm with . or Enter, or press ? or * to list all spells.
Aiming: Mephitic Cloud (safe; 1% risk of failure)
Press: ? - help, Shift-Dir - straight line, f/p - vault guard
Aim: a vault guard, wielding a +0 broad axe and wearing a +0 chain mail (moderately wounded, chance to affect: 39%)
The ball explodes into a vile cloud!
The stinking cloud engulfs the vault guard but does no damage.
The vault guard is moderately wounded.
The stinking cloud engulfs you but does no damage.
You are engulfed in noxious fumes.
You choke on the stench!
You are confused.
The vault guard is engulfed in noxious fumes.
The vault guard hits you with a +0 broad axe.
Unknown command.
The vault guard is engulfed in noxious fumes.
The vault guard attacks as it pursues you!
The vault guard hits you with a +0 broad axe!!
* * * LOW HITPOINT WARNING * * *
Unknown command.
You feel less confused.
You feel ready to blink again.
The vault guard is engulfed in noxious fumes.
The vault guard barely misses you.
Casting: Mephitic Cloud (safe; 1% risk of failure)
Confirm with . or Enter, or press ? or * to list all spells.
You ignite the poison in your surroundings!
The vault guard is engulfed in blazing flames.
The vault guard hits you with a +0 broad axe!
You die...

##### ##...##
#.....# #.∩.∩.#
######.....#
##....##...####
##......#'#'#~~##
#.@..#....#~~~~~#
#.p####...#~~~~~#
#§§§..#...#~~~~~#
#☼☼...#...##~)~##
###†###..####)###
#≈~..≈#..')..)..#
#≈~..≈####..))..#
##≈~.≈##≈##÷.)..#
#≈~.~≈≈~≈#....##


You could see a vault guard.

Vanquished Creatures
  A vault guard (Bailey)
  A blink frog (Bailey)
  4 humans (Bailey)
  An ice beast (D:6)
  2 black bears (D:5)
  A centaur (D:6)
  A phantom (D:6)
  11 bullfrogs
  A gnoll sergeant (D:4)
  3 scorpions
  5 wights (D:4)
  2 hounds (D:5)
  An orc priest (D:5)
  A sleepcap (D:5)
  2 iguanas
  3 orc wizards
  5 gnolls
  8 adders
  4 ufetubi
  A worm (D:5)
  A dart slug (D:3)
  21 orcs
  2 bats (D:1)
  8 endoplasms
  5 giant cockroaches
  16 goblins
  5 hobgoblins
  4 jackals
  8 kobolds
  3 quokkas (D:4)
  6 ball pythons
  5 frilled lizards
  4 rats
146 creatures vanquished.

Vanquished Creatures (collateral kills)
  An orc (D:3)
1 creature vanquished.

Grand Total: 147 creatures vanquished

Notes
Turn   | Place    | Note
-------+----------+-------------------------------------------
     0 | D:1      | pokeman the Deep Elf Hedge Wizard began the quest for the
                  | Orb.
     0 | D:1      | Reached XP level 1. HP: 10/10 MP: 7/7
   268 | D:1      | Reached XP level 2. HP: 15/15 MP: 7/9
   613 | D:1      | Reached skill level 5 in Spellcasting
   624 | D:1      | Reached XP level 3. HP: 18/20 MP: 0/11
   628 | D:1      | Learned a level 3 spell: Mephitic Cloud
   631 | D:1      | Learned a level 2 spell: Call Imp
   634 | D:1      | Learned a level 2 spell: Blink
   638 | D:1      | Learned a level 3 spell: Ignite Poison
  1647 | D:2      | Reached skill level 1 in Fighting
  1647 | D:2      | Reached skill level 1 in Armour
  2184 | D:3      | Reached XP level 4. HP: 17/25 MP: 2/13
  3073 | D:4      | Identified the +1 leather armour "Tibrinlo" {rF+ rN+}
  3254 | D:4      | Reached skill level 6 in Spellcasting
  3311 | D:3      | Reached XP level 5. HP: 9/28 MP: 7/15
  3470 | D:4      | Found a staircase to the Ecumenical Temple.
  3480 | Temple   | Entered the Ecumenical Temple
  3499 | Temple   | Became a worshipper of Vehumet
  3673 | D:4      | Reached skill level 1 in Transmutations
  3673 | D:4      | Reached skill level 1 in Evocations
  3768 | D:4      | Reached XP level 6. HP: 34/34 MP: 7/17
  3783 | D:4      | Reached skill level 7 in Spellcasting
  3920 | D:4      | Reached skill level 1 in Fire Magic
  3920 | D:4      | Reached skill level 1 in Air Magic
  3920 | D:4      | Reached skill level 1 in Poison Magic
  4129 | D:4      | Reached XP level 7. HP: 36/38 MP: 10/19
  4539 | D:5      | Entered Level 5 of the Dungeon
  4539 | D:5      | Found Joud's General Store.
  4692 | D:5      | Bought a potion of curing for 42 gold pieces
  4716 | D:5      | Reached skill level 8 in Spellcasting
  4987 | D:5      | Reached * piety under Vehumet
  4987 | D:5      | Offered knowledge of Sandblast by Vehumet.
  5084 | D:5      | Reached XP level 8. HP: 43/43 MP: 8/22
  5637 | D:6      | Reached skill level 9 in Spellcasting
  6071 | D:6      | Reached skill level 5 in Conjurations
  6477 | D:6      | Learned a level 5 spell: Freezing Cloud
  6616 | D:7      | Found a flagged portal.
  6632 | Bailey   | Entered a bailey
  6684 | Bailey   | HP: 1/44 [bullfrog (2)]
  6686 | Bailey   | Reached skill level 10 in Spellcasting
  6686 | Bailey   | Reached skill level 1 in Ice Magic
  6887 | Bailey   | Reached XP level 9. HP: 21/48 MP: 0/25
  7134 | Bailey   | Reached skill level 11 in Spellcasting
  7134 | Bailey   | Reached skill level 5 in Fire Magic
  7264 | Bailey   | Offered knowledge of Shock by Vehumet.
  7283 | Bailey   | Noticed a vault guard
  7302 | Bailey   | Killed a vault guard
  7302 | Bailey   | Reached ** piety under Vehumet
  7307 | Bailey   | Reached skill level 12 in Spellcasting
  7333 | Bailey   | Noticed a vault guard
  7352 | Bailey   | Slain by a vault guard

Illustrated notes

Levels and vault maps discovered:
D:1:      shiori_arrival_maze, layout_loops_ring,
          amcnicky_mini_rare_corridor_liquid, roderic_three_in_a_row
D:2:      layout_basic
D:3:      layout_loops_ring
D:4:      layout_basic, temple_green, nicolae_elevator_lobby_asterisk
D:5:      layout_cave_pools, serial_shops, shop
D:6:      layout_gridville
D:7:      layout_basic, lemuel_doored_altar, enter_bailey_5, uniq_prince_ribbit1
Temple:   nicolae_temple_slightly_damp_pantheon
Bailey:   bailey_axe_froggy_fort_hellmonk, bailey

Skill      XL: |  1  2  3  4  5  6  7  8  9 |
---------------+----------------------------+-----
Spellcasting   | 5 6 7 8 10 12 | 12.1
Fighting       | 1 2 |  2.3
Armour         | 1 2 3 |  3.4
Conjurations   | 2 3 4 5 6 |  6.8
Stealth        | 3 |  3.0
Dodging        | 3 |  3.0
Transmutations | 1 |  1.2
Evocations     | 1 |  1.3
Fire Magic     | 1 3 4 5 |  5.9
Air Magic      | 1 2 |  2.1
Poison Magic   | 1 2 |  2.0
Ice Magic      | 1 |  1.1
Summonings     | |  1.1
Translocations | |  1.1

Action                     |  1- 3 |  4- 6 |  7- 9 || total
---------------------------+-------+-------+-------++-------
  Melee: Dagger            |    12 |    37 |   135 ||   184
         Punch             |     1 |       |     2 ||     3
   Cast: Magic Dart        |    90 |    97 |   169 ||   356
         Call Imp          |     1 |       |     2 ||     3
         Mephitic Cloud    |       |     7 |    31 ||    38
         Blink             |       |     1 |     3 ||     4
         Ignite Poison     |       |     5 |    13 ||    18
  Evoke: Wand              |       |       |     4 ||     4
   Stab: Confused          |       |     2 |     8 ||    10
 Armour: Robe              |    16 |     4 |       ||    20
         Leather armour    |       |    21 |   134 ||   155
  Dodge: Dodged            |    10 |    39 |   142 ||   191

Table legend: (Time is in decaauts)
 A = Elapsed time spent in this place.
 B = Non-inter-level travel time spent in this place.
 C = Inter-level travel time spent in this place.
 D = Time resting spent in this place.
 E = Time spent auto-exploring this place.
 F = Levels seen in this place.
 G = Mean time per level.
                   A        B        C        D        E       F      G
               +--------+--------+--------+--------+--------+-----+--------+
         Total |   7356 |   6986 |    370 |    380 |   5403 |   9 |  817.3 |
       Dungeon |   6592 |   6258 |    334 |    180 |   5076 |   7 |  941.7 |
        Temple |     38 |      2 |     36 |      0 |      0 |   1 |   38.0 |
        Bailey |    725 |    725 |      0 |    200 |    327 |   1 |  725.0 |
               +--------+--------+--------+--------+--------+-----+--------+

Top non-repeatable levels by time:
     D:4: 1496 daAuts
     D:1: 1152 daAuts
     D:3: 1121 daAuts
     D:2: 940 daAuts
     D:6: 931 daAuts
     D:5: 837 daAuts
  Bailey: 725 daAuts
     D:7: 113 daAuts
  Temple: 38 daAuts
